 Dungeon Crawl Stone Soup version 0.25-a0-657-ge95d391c20 (webtiles) character file.

Game seed: 11765803272523671965, levelgen mode: deterministic

2499 MisterFreud the Nimble (level 9, 0/43 HPs)
             Began as a Felid Skald on Mar 22, 2020.
             Was a Follower of Uskayaw.
             Impaled on a porcupine's spines (13 damage)
             ... on level 1 of the Lair of Beasts.
             The game lasted 00:42:27 (17941 turns).

MisterFreud the Nimble (Felid Skald)               Turns: 17941, Time: 00:42:27

Health: 0/43       AC:  2    Str:  7    XL:     9   Next: 28%
Magic:  14/17      EV: 27    Int: 17    God:    Uskayaw [*.....]
Gold:   528        SH:  0    Dex: 17    Spells: 13/18 levels left
                                        Lives:  0   Deaths: 2

rFire    . . .     SeeInvis +     - Unarmed
rCold    . . .     Gourm    .   (shield unavailable)
rNeg     . . .     Faith    .   (armour unavailable)
rPois    +         Spirit   .   (helmet unavailable)
rElec    .         Reflect  .   (cloak unavailable)
rCorr    .         Harm     .   (gloves unavailable)
MR       +....                  (boots unavailable)
Stlth    +++++.....             y - amulet of the acrobat
HPRegen  0.14/turn              g - ring of poison resistance
MPRegen  0.15/turn              (no ring)

@: confusing touch, shrouded, quick
A: very small, no armour, no weapons or thrown items, stealth, claws 1, fangs 3,
see invisible, carnivore, speed 1, shaggy fur 2, slow metabolism 1, sharp paws
a: Stomp, Renounce Religion


You were on level 1 of the Lair of Beasts.
You worshipped Uskayaw.
Uskayaw was noncommittal.
You were full.

You visited 3 branches of the dungeon, and saw 13 of its levels.

You collected 605 gold pieces.
You spent 77 gold pieces at shops.

Inventory:

Jewellery
 g - a ring of poison resistance (left paw)
 s - an uncursed amulet of regeneration
 y - an amulet of the acrobat (around neck)
 C - an uncursed ring of ice
Wands
 n - a wand of disintegration (15)
 t - a wand of digging (15)
 u - a wand of random effects (26)
 x - a wand of polymorph (10)
Scrolls
 c - a scroll of fog
 j - 6 scrolls of teleportation
 k - 4 scrolls of remove curse
 m - 2 scrolls of magic mapping
 o - a scroll of fear {unknown}
 p - 2 scrolls of random uselessness {unknown}
 r - a scroll of amnesia
 w - 2 scrolls of blinking
 z - a scroll of enchant armour {unknown}
 B - a scroll of acquirement {unknown}
Potions
 a - a potion of berserk rage
 d - 3 potions of brilliance
 e - a potion of might
 f - 2 potions of magic
 h - a potion of stabbing {unknown}
 i - a potion of resistance {unknown}
 l - 5 potions of haste
 q - a potion of heal wounds {unknown}
 v - a potion of mutation {unknown}
 A - 2 potions of ambrosia {unknown}
Comestibles
 b - 23 rations


   Skills:
 + Level 7.0 Fighting
 + Level 11.0 Dodging
 + Level 9.5 Stealth
 + Level 8.8 Unarmed Combat
 - Level 5.0 Spellcasting
 - Level 6.7 Hexes
 - Level 3.6 Charms
 * Level 3.2 Invocations
 + Level 3.6 Evocations


You had 13 spell levels left.
You knew the following spells:

 Your Spells              Type           Power        Failure   Level  Hunger
b - Shroud of Golubria    Chrm/Tloc      ##....       11%         2    #......
c - Confusing Touch       Hex            ####....     2%          3    ###....

Your spell library contained the following spells:

 Spells                   Type           Power        Failure   Level  Hunger
 Slow                     Hex            ####....     1%          2    #......
 Infusion                 Chrm           ###.         3%          1    None
 Song of Slaying          Chrm           ###.....     4%          2    #......
 Magic Dart               Conj           #...         14%         1    None
 Ozocubu's Armour         Chrm/Ice       ##......     21%         3    ###....
 Blink                    Tloc           N/A          22%         2    #......
 Call Imp                 Summ           #.......     22%         2    #......
 Conjure Flame            Conj/Fire      #.......     38%         3    ###....
 Gell's Gravitas          Tloc           #.........   38%         3    ###....
 Mephitic Cloud           Conj/Pois/Air  #.......     38%         3    ###....
 Metabolic Englaciation   Hex/Ice        ###.......   69%         5    ######.
 Yara's Violent Unravell  Hex/Tmut       ###.......   69%         5    ######.
 Petrify                  Tmut/Erth      #.......     80%         4    ####...
 Iskenderun's Battlesphe  Conj/Chrm      ##......     88%         5    ######.
 Bolt of Magma            Conj/Fire/Erth #.........   98%         5    ######.
 Iron Shot                Conj/Erth      #.........   100%        6    #######
 Orb of Destruction       Conj           #.........   100%        7    #######
 Spellforged Servitor     Conj/Summ      #.........   100%        7    #######
 Spectral Weapon          Hex/Chrm       Unusable     N/A         3    N/A

Dungeon Overview and Level Annotations

Branches:
Dungeon (10/15)            Temple (1/1) D:4            Lair (2/6) D:9
  Swamp: Lair:2-4    Shoals: Lair:2-4     Snake: Lair:2-4    Spider: Lair:2-4
    Orc: D:9-12

Altars:
Ashenzari
Cheibriados
Dithmenos
Elyvilon
Fedhas
Gozag
Hepliaklqana
Kikubaaqudgha
Makhleb
Nemelex Xobeh
Okawaru
Qazlal
Ru
Sif Muna
Trog
Uskayaw
Vehumet
Wu Jian
Xom
Yredelemnul
Zin
The Shining One

Shops:
D:8 *

Annotations:
D:5 2 transporters, VincentAMV's ghost, novice TrMo


Innate Abilities, Weirdness & Mutations

You cannot wear armour.
You are incapable of wielding weapons or throwing items.
Your paws allow you to move quietly. (Stealth)
You have sharp claws.
You have razor-sharp teeth.
You have supernaturally acute eyesight. (SInv)
You are carnivorous and can eat meat at any time.
You cover ground quickly.
You are covered in thick fur. (AC +2)
You have a slow metabolism.
Your sharp claws are effective at attacking unaware monsters.


Message History

You are struck by the porcupine's spines.
You scratch the porcupine but do no damage.
You bite the porcupine, but do no damage.
The porcupine is moderately wounded.
The porcupine completely misses you.
You barely miss the porcupine. Your bite misses the porcupine.
The porcupine is moderately wounded.
You barely miss the porcupine. Your claw misses the porcupine.
You bite the porcupine, but do no damage.
The porcupine is moderately wounded.
The porcupine completely misses you.
You completely miss the porcupine.
The porcupine is moderately wounded.
The porcupine closely misses you.
You are struck by the porcupine's spines.
You scratch the porcupine but do no damage.
The porcupine is moderately wounded.
The porcupine completely misses you.
You are struck by the porcupine's spines.
You die...

#..........................####
#.#........+....#..........#.#.
#.P........#...................
#..........#...........=+..P#..
##.#........#....#.......#..###.
#..#........#...............###.
##..##.###.##....†.......#..##..
#...............†.P....##.......
##.............@................
#..............r...............
#..............................
#..............................
##...............#+...#.#....##.
#....#.###.......#.......#...#..
##...#...................#......
#........#......P.......#...+..
##...#....#......#.......#...#..


You could see a porcupine.

Vanquished Creatures
  2 spiny frogs
  A troll (D:9)
  A hornet (D:4)
  2 hippogriffs
  A wyvern (D:9)
  2 hogs (D:8)
  A human (D:8)
  16 yaks
  A basilisk (Lair:2)
  Duvessa (D:6)
  A water moccasin (D:10)
  2 porcupines
  2 sky beasts
  4 black bears
  2 ice beasts (D:9)
  A phantom (D:7)
  3 ogres
  4 wolves
  2 centaurs
  3 crocodiles (Lair:1)
  2 big kobolds
  3 bullfrogs
  2 scorpions
  A water moccasin skeleton (D:8)
  Dowan (D:6)
  7 killer bees
  5 wights (D:8)
  3 howler monkeys (D:9)
  4 crimson imps
  A centaur zombie (D:10)
  2 centaur skeletons (D:8)
  2 hounds
  An orc priest (D:8)
  A jelly (D:8)
  5 orc wizards
  A bullfrog skeleton (D:7)
  A hell rat (D:8)
  Natasha (twice) (D:4 D:5)
  3 iguanas
  6 worker ants
  A hound zombie (D:5)
  2 hound skeletons
  A worker ant zombie (D:8)
  8 adders
  10 gnolls
  3 adder zombies
  4 worms
  4 dart slugs
  4 leopard geckos
  15 orcs
  2 ball pythons
  5 bats
  2 giant cockroaches
  31 goblins
  26 hobgoblins
  2 jackals (D:8)
  2 quokkas (D:4)
  6 frilled lizards
  9 kobolds
  4 rats
246 creatures vanquished.

Vanquished Creatures (others)
  A killer bee (D:9)
  5 fungi
  7 plants
13 creatures vanquished.

Grand Total: 259 creatures vanquished

Notes
Turn   | Place    | Note
-------+----------+-------------------------------------------
     0 | D:1      | MisterFreud the Felid Skald began the quest for the Orb.
     0 | D:1      | Reached XP level 1. HP: 9/9 MP: 4/4
   556 | D:1      | Reached XP level 2. HP: 13/13 MP: 1/6
   560 | D:1      | Learned a level 2 spell: Shroud of Golubria
  1366 | D:2      | Reached XP level 3. HP: 18/18 MP: 1/7
  2007 | D:2      | Found a sparkling altar of Nemelex Xobeh.
  2099 | D:2      | Reached XP level 4. HP: 15/22 MP: 0/8
  2248 | D:2      | Reached skill level 1 in Stealth
  2550 | D:2      | Found a faded altar of an unknown god.
  2577 | D:3      | Learned a level 3 spell: Confusing Touch
  2704 | D:3      | Found a shimmering altar of Xom.
  3061 | D:3      | Reached skill level 1 in Hexes
  3597 | D:4      | Noticed Natasha
  3607 | D:4      | Killed Natasha
  3607 | D:4      | Reached skill level 4 in Dodging
  3607 | D:4      | Reached XP level 5. HP: 12/25 MP: 2/9
  3767 | D:4      | Found a staircase to the Ecumenical Temple.
  3778 | Temple   | Entered the Ecumenical Temple
  3935 | D:4      | Noticed an ogre
  3936 | D:4      | Found a shadowy altar of Dithmenos.
  3936 | D:4      | Noticed Natasha
  4087 | D:5      | Entered Level 5 of the Dungeon
  4213 | D:4      | Noticed a hornet
  4803 | D:5      | Noticed a sky beast
  5189 | D:5      | Gained mutation: You are covered in thick fur. (AC +2)
                  | [Felid growth]
  5189 | D:5      | Reached XP level 6. HP: 24/28 MP: 8/10
  5443 | D:5      | Found a transporter.
  5445 | D:5      | Identified the +3 trident of Might {chaos, rPois rC+++ MR+
                  | Dex-4}
  5449 | D:5      | Found a transporter.
  5515 | D:5      | Noticed VincentAMV's ghost (novice TrMo)
  6192 | D:5      | Reached skill level 5 in Dodging
  6678 | D:5      | Reached XP level 7. HP: 22/32 MP: 3/11
  7369 | D:5      | Reached skill level 6 in Dodging
  7369 | D:5      | Reached skill level 5 in Hexes
  8220 | D:6      | Found a basalt altar of Yredelemnul.
  8293 | D:6      | Reached XP level 8. HP: 36/36 MP: 12/12
  8350 | D:6      | Noticed Dowan
  8356 | D:6      | Noticed Duvessa
  8357 | D:6      | Killed Dowan
  8930 | D:6      | Killed Duvessa
  8930 | D:6      | Reached skill level 5 in Stealth
  9214 | D:7      | Found a bloodstained altar of Trog.
  9509 | D:5      | Killed Natasha
  9509 | D:5      | Reached skill level 5 in Fighting
  9583 | D:4      | Found a stormy altar of Qazlal.
  9640 | D:4      | Found a radiant altar of Vehumet.
  9690 | D:4      | Reached skill level 7 in Dodging
  9690 | D:4      | Reached skill level 5 in Unarmed Combat
  9996 | D:4      | Killed a hornet
 10150 | D:4      | Found a sacrificial altar of Ru.
 10962 | D:7      | Reached XP level 9. HP: 39/40 MP: 7/13
 11814 | D:7      | Reached skill level 8 in Dodging
 13162 | D:8      | Found a snail-covered altar of Cheibriados.
 13233 | D:8      | Reached skill level 9 in Dodging
 13585 | D:8      | Found Uduasm's General Store.
 13757 | D:8      | Reached skill level 10 in Dodging
 13834 | D:8      | Bought a scroll of identify for 22 gold pieces
 13834 | D:8      | Bought a scroll of teleportation for 33 gold pieces
 13834 | D:8      | Bought a scroll of identify for 22 gold pieces
 14458 | D:8      | Found an ancient bone altar of Kikubaaqudgha.
 15030 | D:9      | Reached XP level 10. HP: 45/45 MP: 13/17
 15131 | D:9      | Noticed a death yak
 15632 | D:9      | Noticed a death yak
 15857 | D:9      | Found a staircase to the Lair.
 15859 | D:9      | Noticed a death yak
 15884 | D:10     | Entered Level 10 of the Dungeon
 15979 | D:10     | Reached skill level 5 in Spellcasting
 16424 | D:9      | Reached skill level 1 in Evocations
 16427 | D:9      | Noticed a rakshasa
 16666 | D:9      | Found a hide-covered altar of Uskayaw.
 16744 | D:9      | Found a basalt altar of Yredelemnul.
 16748 | D:9      | Became a worshipper of Uskayaw the Reveler
 16766 | Lair:1   | Entered Level 1 of the Lair of Beasts
 16816 | Lair:1   | Reached * piety under Uskayaw
 16840 | Lair:1   | Reached ** piety under Uskayaw
 16849 | Lair:1   | Reached *** piety under Uskayaw
 16854 | Lair:1   | Reached **** piety under Uskayaw
 16973 | Lair:1   | Reached skill level 1 in Invocations
 17247 | Lair:1   | Noticed a spiny frog
 17252 | Lair:1   | Killed a spiny frog
 17340 | Lair:1   | Reached XP level 11. HP: 33/49 MP: 8/19
 17524 | Lair:2   | HP: 3/73 [wolf (5)]
 17526 | Lair:2   | Slain by a wolf
 17527 | Lair:2   | Reached XP level 10. HP: -1/69 MP: 10/18
 17658 | Lair:2   | Noticed a death yak
 17663 | Lair:2   | Noticed a death yak
 17703 | Lair:2   | Noticed a spiny frog
 17714 | Lair:2   | Killed a spiny frog
 17888 | Lair:1   | Reached skill level 11 in Dodging
 17917 | Lair:1   | Slain by a porcupine
 17918 | Lair:1   | Reached XP level 9. HP: -2/43 MP: 13/17
 17941 | Lair:1   | Impaled on a porcupine's spines

Levels and vault maps discovered:
D:1:      minmay_arrival_four_circles, layout_basic
D:2:      layout_loops_ring, nemelex_xobeh_ov_fountains_minmay, first_ration,
          chequers_ecumenical_altar_twisty
D:3:      layout_loops_ring, roderic_lattice_a, xom_teletrap_fun
D:4:      layout_basic, kennysheep_little_box, old_standard_altar,
          nicolae_overflow_crystal_walls, minmay_temple_entry_tees,
          nicolae_qazlal_general_emergency, uniq_natasha
D:5:      minmay_goblin_kobold_castle, layout_basic,
          gammafunk_ghost_gnarly_gnolls
D:6:      layout_basic, lemuel_tele_altar, uniq_duvessa
D:7:      layout_cave_pools, trog_ov_bears_minmay
D:8:      layout_loops_ring, marbit_many_paths, kiku_gazebo_pond_becter,
          serial_shops, shop, grunt_livestock
D:9:      layout_rooms, grunt_temple_overflow_open, dpeg_lair_monsters
D:10:     layout_loops_ring, basic_altar
Temple:   eino_temple_lava
Lair:1:   layout_regular_city
Lair:2:   layout_long_grid, shoals_dummy_entry

Skill      XL: |  1  2  3  4  5  6  7  8  9 10 |
---------------+-------------------------------+-----
Fighting       | 3 4 5 6 7 |  7.0
Stealth        | 2 3 4 8 9 |  9.5
Hexes          | 1 2 4 6 |  6.7
Dodging        | 4 5 6 7 10 11 | 11.0
Unarmed Combat | 3 4 5 7 8 |  8.8
Spellcasting   | 4 5 |  5.0
Evocations     | 3 |  3.6
Invocations    | 3 |  3.2
Charms         | |  3.6

Action                   |  1- 3 |  4- 6 |  7- 9 | 10-12 || total
-------------------------+-------+-------+-------+-------++-------
Melee: Unarmed           |    68 |   266 |   590 |   239 ||  1163
       Bite              |     4 |    20 |    64 |    29 ||   117
       Punch             |     1 |     3 |    16 |    17 ||    37
 Cast: Infusion          |    12 |    16 |     9 |       ||    37
       Shroud of Golubri |     8 |    32 |    60 |    25 ||   125
       Confusing Touch   |       |     1 |    52 |    37 ||    90
Evoke: Wand              |       |     7 |       |       ||     7
  Use: Potion            |       |     1 |     3 |     1 ||     5
       Scroll            |       |       |    16 |     1 ||    17
 Stab: Sleeping          |     3 |     8 |     9 |    11 ||    31
       Distracted        |       |     2 |       |       ||     2
       Confused          |       |       |    45 |    26 ||    71
       Paralysed         |       |       |       |     2 ||     2
  Eat: Chunk             |     8 |    15 |    31 |    14 ||    68
Armor: Skin              |     2 |    10 |    24 |     5 ||    41
Dodge: Dodged            |    52 |   254 |   473 |   231 ||  1010

Table legend:
 A = Non-vault XP
 B = Vault XP
 C = Vault XP percentage of total XP
 D = Non-vault monster count
 E = Vault monster count
 F = Vault count percentage of total count
                 A         B        C        D         E       F
            +---------+---------+-------+---------+---------+-------
      Total |   10557 |    2070 |  16.4 |     171 |      76 |  30.8
            +---------+---------+-------+---------+---------+-------
        D:1 |      22 |       0 |   0.0 |      11 |       0 |   0.0
        D:2 |     104 |       0 |   0.0 |      20 |       0 |   0.0
        D:3 |      51 |       0 |   0.0 |      12 |       0 |   0.0
        D:4 |     523 |      35 |   6.3 |      12 |       1 |   7.7
        D:5 |     434 |     319 |  42.4 |      16 |      60 |  78.9
        D:6 |     849 |     232 |  21.5 |      12 |       4 |  25.0
        D:7 |     549 |     259 |  32.1 |      13 |       2 |  13.3
        D:8 |    1082 |    1081 |  50.0 |      27 |       7 |  20.6
        D:9 |    2146 |     144 |   6.3 |      18 |       2 |  10.0
       D:10 |     405 |       0 |   0.0 |       7 |       0 |   0.0
     Lair:1 |    3418 |       0 |   0.0 |      19 |       0 |   0.0
     Lair:2 |     974 |       0 |   0.0 |       4 |       0 |   0.0
            +---------+---------+-------+---------+---------+-------
